noty, neutral male scurrid Tourist }}}}}}}}}}}}}}}}}}}} }}}}}}}}}}}} }}}}}}}}}}}}}}}}} }}}}}}}}}} }}}}}}}}}}}}. }}}}}}}} }..}}}}..#.}}}}} # # #..}}}}}...}} ...# }}}......# #......}}}}I.# }}.}}}.}}...}}}}}.# #.}}}}.}.<.}}}}}}.# ..}}}}}}}}}}}}}# }}}}}}}}..}}}}}}}}}}} }}}}...}}}}}}}}}}}}}}} }# }}}}}}}}}}}}}}}.# .....`.}}}}}}..}}}}}}}}}.}}}}}}}}} }}}}}}}}}}}}.}}}.} #...}} #}}}}}}}}}}}..."}}}}}}}}} # ..}}}}}}}}}}}}})...}} }?.}}}}}}}}}}}.#...}}}}}}}}. }}}}}}}}}}}}}.}}}}}} }}}}}}....}}}}}}} .}}`}}}}}}}}}} }}.# }}}}}}}}}} }}}}}}}}}}}}. #..}}}} }}}}}}}}..}}}}}. }}}}} }}}}.}`.}}}}}}} #.....}} }}}}}}}}..#.}}}}.# }}} #.}...}. #.#.} }}}.}}}}}}} ...}}.. }..}}}. }} }}}...}}}}}} }}}}}}# }}}}}.. .}} }}}}}.#..}}}}} }}}}}}} }}}}} }} }}}}}} }.}}}}}} }}}}}}} }} }}} }}}}}}} }}}}}}}} }}}}}}}} noty the Rambler Experience level: 1 Strength: 9 Dexterity: 11 Constitution: 14 Intelligence: 15 Wisdom: 9 Charisma: 17 Health: 0(9) Energy: 2(2) Def: 0 Gold: 527 Moves: 76 Dungeon seed: BsV3MmmXNh9P3B93 Game ID: noty_1498606579 Your Inventory: Coins $ - 527 gold pieces Weapons a - 41 uncursed rusty +2 darts (in quiver) Armor e - a blessed +0 Hawaiian shirt (being worn) Comestibles b - 7 uncursed food rations c - an uncursed pancake d - 2 uncursed chestnuts f - 2 uncursed candy bars g - 2 uncursed tripe rations Scrolls i - 2 blessed scrolls of blank paper j - 2 uncursed scrolls of blank paper Potions h - 2 uncursed potions of extra healing Wands m - an uncursed wand of secret door detection (0:15) Tools k - an uncursed expensive camera (0:35) l - an uncursed credit card n - an uncursed towel Spells and supernatural/magical abilities: Name Level Category Fail Memory W - pray for help -- divine ? -- Your skills at the end: Miscellaneous Skills wands [Basic] Weapon Skills dart [Basic] Spellcasting Skills Final Attributes: You were devoutly aligned. You were blinded. You had infravision. You were very stealthy. You are dead. Vanquished creatures: a puppy Voluntary challenges: You went without food. You did not adorn yourself with jewelry or accessories. You did not cause conflict. You were not invisible. You did not have reflection. You were not displaced. You were an atheist. You never hit with a wielded weapon. You were a pacifist. You did not use tools. You did not use plumbed fixtures. You did not drink any magical draughts. You were illiterate. You never genocided any monsters. You never polymorphed an object. You never changed form. You used no wishes. You never split a pudding. You never wrote Elbereth's name. You never violated your personal moral code. Dungeon overview: The Dungeons of Doom: levels 1 to 22 Level 1 an altar to Offler, a fountain a long staircase Level 2 Level 3 Level 4 Level 5 Level 6 Level 7 Level 8 some fountains Level 9 Level 10 Level 11 a fountain Level 12 Level 13 Level 14 Level 15 Level 16 Level 17 Level 18 Level 19 a fountain Level 20 a fountain Level 21 Level 22 <- You were here many trees History has recorded: On T:1 you entered the Dungeons of Doom to retrieve the Amulet of Yendor! On T:26 you reached level 2 of The Dungeons of Doom. On T:28 you reached level 3 of The Dungeons of Doom. On T:31 you reached level 4 of The Dungeons of Doom. On T:33 you reached level 5 of The Dungeons of Doom. On T:35 you reached level 6 of The Dungeons of Doom. On T:37 you reached level 7 of The Dungeons of Doom. On T:40 you reached level 8 of The Dungeons of Doom. On T:42 you reached level 9 of The Dungeons of Doom. On T:44 you reached level 10 of The Dungeons of Doom. On T:48 you reached level 11 of The Dungeons of Doom. On T:50 you reached level 12 of The Dungeons of Doom. On T:52 you reached level 13 of The Dungeons of Doom. On T:55 you reached level 14 of The Dungeons of Doom. On T:57 you reached level 15 of The Dungeons of Doom. On T:57 you entered the Rogue tribute level. On T:59 you reached level 16 of The Dungeons of Doom. On T:61 you reached level 17 of The Dungeons of Doom. On T:64 you reached level 18 of The Dungeons of Doom. On T:66 you reached level 19 of The Dungeons of Doom. On T:70 you reached level 20 of The Dungeons of Doom. On T:72 you reached level 21 of The Dungeons of Doom. On T:74 you reached level 22 of The Dungeons of Doom. Score breakdown: Gold: 0 ( 0 points) Experience: 1 level ( 0 points) Exploration: 22 levels ( 630 points) Discoveries: 1 item ( 50 points) Variety of kills: 1 monster ( 50 points) Major goal: (nothing yet) ( 0 points) Survival: died (score multiplied by 3) Total score: 2190 Latest messages: You dig a pit in the floor. You continue digging downward. You dig a hole through the floor. You fall through... You start digging downward. You continue digging downward. You dig a pit in the floor. You continue digging downward. You dig a hole through the floor. You fall through... You start digging downward. You continue digging downward. As you dig, the hole fills with water! You fall into the water! You sink like a rock. Your darts rust! You try to crawl out of the water. Pheew! That was close. The raven pecks! The raven blinds you! Something pecks! You die... Final status: Aloha noty the Tourist, killed by a raven... You died in The Dungeons of Doom on dungeon level 22 with 2190 points, and 527 pieces of gold, after 76 moves. You were level 1 with a maximum of 9 hit points when you died.